 Dungeon Crawl Stone Soup version bcrawl-1.31.2 (webtiles) character file.

Game seed: 1725337816040332144

132294 diceflayer the Shield-Bearer (level 3, 0/23 HPs)
             Began as a Skeleton Fighter on Mar 28, 2021.
             Slain by a leopard gecko (2 damage)
             ... on level 2 of the Dungeon.
             The game lasted 00:01:12 (997 turns).

diceflayer the Shield-Bearer (Skeleton Fighter)      Turns: 997, Time: 00:01:13

Health: 0/23       AC:  7    Str: 23      XL:     3   Next: 37%
Magic:  0/3        EV:  6    Int:  4 (6)  God:
Gold:   65         SH: 10    Dex:  8      Spells: 2/2 levels left

rFire    . . .     SeeInvis .   a - +0 long sword
rCold    + . .     Gourm    .   c - +0 medium shield
rNeg     + + +     Faith    .   b - +0 scale mail
rPois    ∞         Spirit   +   (no helmet)
rElec    .         Reflect  .   (no cloak)
rCorr    .         Harm     .   (no gloves)
MR       .....                  (no boots)
Stlth    ..........             (no amulet)
HPRegen  0.07/turn              (no ring)
MPRegen  0.08/turn              (no ring)

@: no status effects
A: no food or potions, cold resistance 1, deterioration 1, negative energy
resistance 3, torment resistance, unbreathing, magic shield, sturdy frame 1,
spell healing
a: no special abilities


You were on level 2 of the Dungeon.
You were not hungry.

You visited 1 branch of the dungeon, and saw 2 of its levels.

You collected 65 gold pieces.

Inventory:

Hand Weapons
 a - a +0 long sword (weapon)
Armour
 b - a +0 scale mail (worn)
 c - a +0 medium shield (worn)
Scrolls
 d - a scroll of remove curse {unknown}
 e - a scroll of enchant weapon {unknown}
 f - a scroll of teleportation {unknown}
 g - a scroll of amnesia {unknown}
 i - a scroll of identify


   Skills:
 + Level 3.2 Fighting
 * Level 3.4 Long Blades
 * Level 3.8 Armour
 + Level 4.1 Shields


You had 2 spell levels left.
You didn't know any spells.
Your spell library was empty.

Dungeon Overview and Level Annotations

Branches:
Dungeon (2/12)

Altars:


Innate Abilities, Weirdness & Mutations

You do not eat or drink.
You are immune to poison.
Your flesh is cold resistant. (rC+)
Your body sometimes deteriorates upon taking damage.
You are immune to negative energy. (rN+++)
You are immune to unholy pain and torment.
You can survive without breathing.
When hurt, damage is shared between your health and your magic reserves.
Your movements are slightly less encumbered by armour. (ER -2)
Casting spells heals you.


Message History

The leopard gecko is heavily wounded.
The leopard gecko bites you but does no damage.
Your shield prevents you from hitting the leopard gecko.
The leopard gecko is moderately wounded.
You block the leopard gecko's attack.
You hit the leopard gecko but do no damage.
The leopard gecko is moderately wounded.
The leopard gecko bites you.
* * * LOW HITPOINT WARNING * * *
You barely miss the leopard gecko.
The leopard gecko is moderately wounded.
You block the leopard gecko's attack. The leopard gecko bites you.
* * * LOW HITPOINT WARNING * * *
You closely miss the leopard gecko.
The leopard gecko is lightly wounded.
You block the leopard gecko's attack.
You closely miss the leopard gecko.
The leopard gecko is lightly wounded.
The leopard gecko bites you.
You die...

##.## ### #...# #.. .
#...# #$# . #...# #.#
.## #...# #@# ..# #...#
#l# #.# #...####.###
#.#######(..##.†...#
#..............†...#
..)................#
#..)..................
#..######...##.###..#(.
...# #...##... ....#


You could see a leopard gecko.

Vanquished Creatures
  An adder (D:2)
  2 worms
  2 leopard geckos
  A giant cockroach (D:1)
  2 hobgoblins
  7 jackals
  5 kobolds
  3 bats (D:1)
  A frilled lizard (D:1)
  A rat (D:1)
25 creatures vanquished.

Notes
Turn   | Place    | Note
-------+----------+-------------------------------------------
     0 | D:1      | diceflayer the Skeleton Fighter began the quest for the
                  | Orb.
     0 | D:1      | Reached XP level 1. HP: 14/14 MP: 1/1
   160 | D:1      | Reached XP level 2. HP: 3/19 MP: 0/2
   935 | D:2      | Reached skill level 4 in Shields
   935 | D:2      | Reached XP level 3. HP: 23/23 MP: 3/3
   997 | D:2      | Slain by a leopard gecko

Skill      XL: |  1  2 |
---------------+-------+-----
Long Blades    | 3 |  3.4
Shields        | 4 |  4.1
Fighting       | |  3.2
Armour         | |  3.8

Action                   || total
-------------------------++-------
Melee: Long sword        ||    98
Armor: Scale mail        ||    63
Dodge: Dodged            ||    30
Block: Medium shield     ||    77
